 Dungeon Crawl Stone Soup version 0.19.5 (webtiles) character file.

2765 tidbits the Carver (level 9, 40/59 HPs)
             Began as a High Elf Wanderer on Aug 8, 2017.
             Was a Believer of Okawaru.
             Quit the game in a bailey.
             The game lasted 00:52:50 (5556 turns).

tidbits the Carver (High Elf Wanderer)              Turns: 5556, Time: 00:52:50

Health: 40/59      AC: 12    Str: 14    XL:     9   Next: 42%
Magic:  13/14      EV:  8    Int: 16    God:    Okawaru [**....]
Gold:   517        SH:  0    Dex: 19    Spells: 5 memorised, 4 levels left

rFire  . . .     SeeInvis .     a - +2 great sword (holy)
rCold  + . .     Gourm    .     D - +0 chain mail of the Armadillo {-Tele rC+ Dex+3} (curse)
rNeg   . . .     Faith    .     (shield currently unavailable)
rPois  .         Spirit   .     E - +0 helmet
rElec  .         Reflect  .     (no cloak)
rCorr  .         Harm     .     G - +2 pair of gloves
MR     +....     NoTele   +     (no boots)
Stlth  ..........               (no amulet)
                                v - ring of protection from magic
                                C - ring of stealth

@: no status effects
A: no striking features
a: Heroism, Renounce Religion


You were in a bailey.
You worshipped Okawaru.
Okawaru was pleased with you.
You were not hungry.

You visited 1 branch of the dungeon, and saw 10 of its levels.
You also visited: Bailey.

You collected 779 gold pieces.
You spent 262 gold pieces at shops.

Inventory:

Hand Weapons
 a - a +2 great sword of holy wrath (weapon)
   (You bought it in a shop on level 8 of the Dungeon)
 b - a +0 shortbow
   (You took it off a centaur on level 7 of the Dungeon)
 e - a +0 dagger
 g - a +0 blowgun
   (You took it off a kobold on level 3 of the Dungeon)
 x - a +0 scimitar
   (You took it off a wight on level 6 of the Dungeon)
 M - a +0 hunting sling
   (You took it off a goblin on level 2 of the Dungeon)
Missiles
 i - 170 stones (quivered)
 m - 149 arrows
 n - 4 javelins
 p - 32 tomahawks of returning
 q - 50 sling bullets
 t - 26 poisoned needles
 J - 10 tomahawks
Armour
 d - a +1 robe
 B - a +0 ring mail
   (You found it on level 1 of the Dungeon)
 D - the cursed +0 chain mail of the Armadillo (worn) {-Tele rC+ Dex+3}
   (You took it off a kobold in a bailey)

   It affects your dexterity (+3).
   It protects you from cold.
   It prevents most forms of teleportation.
   It has a curse placed upon it.
 E - a +0 helmet (worn)
   (You found it on level 8 of the Dungeon)
 G - a +2 pair of gloves (worn)
   (You found it on level 3 of the Dungeon)
 H - a +0 chain mail
   (You took it off an orc on level 5 of the Dungeon)
Jewellery
 h - an uncursed ring of stealth
   (You found it on level 2 of the Dungeon)
 v - a ring of protection from magic (right hand)
   (You found it on level 1 of the Dungeon)
 C - a ring of stealth (left hand)
   (You found it on level 4 of the Dungeon)
 L - an uncursed ring of wizardry
   (You found it on level 7 of the Dungeon)
 V - an uncursed ring of wizardry
   (You found it on level 8 of the Dungeon)
Wands
 A - a wand of teleportation (8/9)
   (You found it on level 5 of the Dungeon)
 K - a wand of lightning (6/15)
   (You took it off an orc priest on level 8 of the Dungeon)
 S - a wand of iceblast (11/15)
   (You found it on level 8 of the Dungeon)
 T - a wand of polymorph (17/24)
   (You found it on level 7 of the Dungeon)
 Z - a wand of teleportation (4/9)
   (You found it on level 9 of the Dungeon)
Scrolls
 j - a scroll of teleportation
 l - a scroll of amnesia {unknown}
 y - a scroll of fear {unknown}
 F - a scroll of magic mapping {unknown}
 I - 2 scrolls of enchant armour
 N - 2 scrolls of immolation
 Q - a scroll of fog
 W - a scroll of recharging
Potions
 k - 3 potions of might
 w - 2 potions of lignification
 z - a potion of magic
 P - 2 potions of degeneration {unknown}
 U - a potion of invisibility {unknown}
Books
 c - the Tome of Companions

   Spells                             Type                      Level
   a - Summon Small Mammal            Summoning                    1
   b - Call Canine Familiar           Summoning                    3
 r - a book of Minor Magic
   (You found it on level 2 of the Dungeon)

   Spells                             Type                      Level
   a - Magic Dart                     Conjuration                  1
   b - Blink                          Translocation                2
   c - Call Imp                       Summoning                    2
   d - Repel Missiles                 Charms/Air                   2
   e - Slow                           Hexes                        2
   f - Conjure Flame                  Conjuration/Fire             3
   g - Mephitic Cloud                 Conjuration/Poison/Air       3
 s - the Volume of Changing

   Spells                             Type                      Level
   a - Passwall                       Transmutation/Earth          2
   b - Sticks to Snakes               Transmutation                2
 u - a book of Annihilations
   (You found it on level 4 of the Dungeon)

   Spells                             Type                      Level
   a - Poison Arrow                   Conjuration/Poison           6
   b - Chain Lightning                Conjuration/Air              8
   c - Lehudib's Crystal Spear        Conjuration/Earth            8
   d - Glaciate                       Conjuration/Ice              9
   e - Fire Storm                     Conjuration/Fire             9
 X - a book of Geomancy
   (You found it on level 8 of the Dungeon)

   Spells                             Type                      Level
   a - Sandblast                      Earth                        1
   b - Passwall                       Transmutation/Earth          2
   c - Stone Arrow                    Conjuration/Earth            3
   d - Petrify                        Transmutation/Earth          4
   e - Lee's Rapid Deconstruction     Earth                        5
Comestibles
 f - 6 bread rations
 o - 8 meat rations


   Skills:
 - Level 4.7 Fighting
 - Level 2.4(6.2) Short Blades
 + Level 9.1(9.2) Long Blades
 - Level 7.7 Bows
 - Level 4.0 Dodging
   Level 1.0 Shields
 - Level 3.1 Spellcasting
 - Level 1.2 Charms
 - Level 3.7 Summonings
   Level 2.4 Necromancy
 - Level 3.0 Invocations
 - Level 1.0 Evocations


You had 4 spell levels left.
You knew the following spells:

 Your Spells              Type           Power        Failure   Level  Hunger
b - Blink                 Tloc           N/A          100%        2    ##.....
c - Call Canine Familiar  Summ           ##......     100%        3    ###....
m - Repel Missiles        Chrm/Air       #.....       100%        2    ##.....
p - Passwall              Tmut/Erth      #.........   100%        2    ##.....
z - Summon Small Mammal   Summ           ##..         94%         1    None


Dungeon Overview and Level Annotations

Branches:
Dungeon (10/15)            Temple (0/1) D:7
   Lair: D:8-11         Orc: D:9-12

Altars:
Dithmenos
Makhleb
Okawaru
Vehumet
Zin

Shops:
D:8 (


Message History

The tomahawk of returning hits you but does no damage.
The weapon returns to the kobold!
The kobold hits you but does no damage.
The kobold throws a tomahawk of returning.
The tomahawk of returning hits you.
* * * LOW HITPOINT WARNING * * *
You miss the kobold. The kobold hits you but does no damage.
The kobold throws a tomahawk of returning.
The tomahawk of returning closely misses you.
The weapon returns to the kobold!
You closely miss the kobold. The kobold hits you but does no damage.
The kobold throws a tomahawk of returning.
The tomahawk of returning misses you.
The weapon returns to the kobold!
The kobold barely misses you.
You riposte.
You barely miss the kobold. You hit the kobold.
The kobold is heavily wounded.
The kobold throws a tomahawk of returning.
The tomahawk of returning hits you but does no damage.
The weapon returns to the kobold!
The kobold hits you but does no damage.
You slash the kobold!
You kill the kobold!
Okawaru accepts your kill.
The kobold throws a tomahawk of returning.
The tomahawk of returning hits you but does no damage.
The kobold throws a tomahawk of returning.
The tomahawk of returning closely misses you.
You see here 3 tomahawks of returning.
You close the door.
p - 26 tomahawks of returning (gained 3)
Your magical contamination has completely faded away.
The kobold throws a tomahawk of returning.
The tomahawk of returning hits you but does no damage.
The weapon returns to the kobold!
p - 29 tomahawks of returning (gained 3)
p - 30 tomahawks of returning (gained 1)
You close the door.
Wear which item? (? for menu, Esc to quit)
You start removing your armour.
You continue taking off your +1 robe. x4
You finish taking off your +1 robe.
You start putting on your armour.
You continue putting on your +0 ring mail. x5
You finish putting on your +0 ring mail.
Unknown command.
Wear which item? (? for menu, Esc to quit)
You start removing your armour.
You continue taking off your +0 ring mail. x4
You finish taking off your +0 ring mail.
You start putting on your armour.
You continue putting on your +1 robe. x5
You finish putting on your +1 robe.
Unknown command.
You open the door.
The kobold throws a tomahawk of returning.
The tomahawk of returning misses you.
The weapon returns to the kobold!
There is an open door here.
The kobold throws a tomahawk of returning.
The tomahawk of returning barely misses you.
The weapon returns to the kobold!
Which direction?
You close the door.
The kobold throws a tomahawk of returning.
The tomahawk of returning barely misses you.
Casting: Blink
Confirm with . or Enter, or press ? or * to list all spells.
You miscast Blink.
You are very lightly contaminated with residual magic.
You catch a glimpse of the back of your own head.
p - 31 tomahawks of returning (gained 1)
Casting: Blink
Confirm with . or Enter, or press ? or * to list all spells.
You blink.
Unknown command.
You slash the kobold!
You kill the kobold!
Okawaru accepts your kill.
You now have enough gold to buy a glowing scimitar on D:8.
You can access your shopping list by pressing '$'.
You now have 517 gold pieces (gained 468).
You see here a fine chain mail.
D - a fine chain mail Wear which item? (? for menu, Esc to quit)
You start removing your armour.
You continue taking off your +1 robe. x4
You finish taking off your +1 robe.
You start putting on your armour.
You continue putting on your fine chain mail. x5
You finish putting on the cursed +0 chain mail of the Armadillo {-Tele rC+ Dex+3}.
Oops, that feels deathly cold.
Okay, then.
An orc knight comes into view. It is wielding a war axe.
The orc knight shouts!
Found 20 stones.
Found a gate leading back out of this place.
You see here a tomahawk of returning.
Casting: Blink
Confirm with . or Enter, or press ? or * to list all spells.
The spell is very dangerous to cast!
Continue anyway?
Okay, then.
p - 32 tomahawks of returning (gained 1)
Your magical contamination has completely faded away.
Okay, then.
Search for what [Enter for "armour", or ? for help]? scroll Are you sure you want to abandon this character and quit the game? (Confirm with "yes".)

#.....## ..8...#
....(∩ .....
####'''####
##≈.......≈##
#####≈≈..o....≈≈#####
#^'.'≈≈..@....≈≈'.'^#
#.###≈≈.......≈≈###.#
#.'.'≈≈.......≈≈'.+.#
#.###≈≈.......≈≈###.#
#.'.†≈≈.......≈≈'.+.#
#.###≈≈.......≈≈###.#
#.'.+≈≈.......≈≈†.†.#
#.###≈≈.......≈≈###.#
#.'.†≈≈.......≈≈'†'.#


You could see an orc knight.

Vanquished Creatures
  A hippogriff (D:7)
  The ghost of tidbits the Skirmisher, an amateur HEWn (D:4)
  3 orc warriors
  A black bear (D:7)
  An ice beast (D:8)
  3 centaurs
  2 ogres
  A big kobold (D:8)
  2 bullfrogs (D:8)
  3 wights (D:6)
  2 howler monkeys (D:7)
  3 crimson imps
  2 centaur zombies
  2 jellies
  3 orc priests
  3 hounds
  4 orc wizards
  An iguana (D:9)
  6 worker ants
  A killer bee zombie (D:7)
  A hound skeleton (D:6)
  7 adders
  2 river rats (D:8)
  2 shadow imps
  An adder skeleton (D:8)
  6 leopard geckos
  15 orcs
  A ball python (D:3)
  6 giant cockroaches
  10 goblins
  2 hobgoblins
  A jackal (D:5)
  17 bats
  3 frilled lizards
  21 kobolds
  8 rats
148 creatures vanquished.

Vanquished Creatures (collateral kills)
  Grinder (D:3)
  Duvessa (D:5)
  An ogre (D:7)
  Dowan (D:5)
  A hound (D:7)
  A bullfrog skeleton (D:7)
  3 orc priests
  Ijyb (D:3)
  An iguana (D:7)
  2 worker ants
  An orc wizard (D:5)
  3 adders
  4 oozes
  An adder zombie (D:5)
  An adder skeleton (D:4)
  4 worms
  9 orcs
  A giant cockroach (D:1)
  2 goblins
  3 hobgoblins
  4 jackals
  A quokka (D:3)
  A ball python (D:2)
  2 bats (D:8)
  2 frilled lizards (D:1)
  A kobold (D:8)
  A quokka skeleton (D:7)
  3 rats
57 creatures vanquished.

Vanquished Creatures (others)
  2 fungi (D:8)
2 creatures vanquished.

Grand Total: 207 creatures vanquished

Notes
Turn   | Place    | Note
-------+----------+-------------------------------------------
     0 | D:1      | tidbits the High Elf Wanderer began the quest for the Orb.
     0 | D:1      | tidbits set off with: a wand of flame (15/48), the Volume of Changing, the Tome of Companions, a +0 robe, a +0 dagger, a bread ration
     0 | D:1      | Reached XP level 1. HP: 13/13 MP: 3/3
     0 | D:1      | Identified the Volume of Changing
     0 | D:1      | Identified the Tome of Companions
     2 | D:1      | Learned a level 1 spell: Summon Small Mammal
   124 | D:1      | Reached skill level 1 in Summonings
   304 | D:1      | Reached XP level 2. HP: 16/18 MP: 2/4
   359 | D:1      | Reached skill level 2 in Summonings
   466 | D:2      | Reached XP level 3. HP: 12/23 MP: 2/5
   539 | D:2      | Learned a level 3 spell: Call Canine Familiar
   736 | D:2      | Reached skill level 3 in Summonings
   922 | D:3      | Noticed Ijyb
  1122 | D:2      | HP: 2/23 [worker ant (2)]
  1127 | D:2      | Reached XP level 4. HP: 10/28 MP: 6/6
  1208 | D:2      | HP: 2/28 [poisoned by an adder]
  1434 | D:3      | Killed Ijyb
  1485 | D:3      | Noticed Grinder
  1752 | D:3      | Killed Grinder
  1752 | D:3      | Reached skill level 2 in Fighting
  1752 | D:3      | Reached skill level 3 in Spellcasting
  1752 | D:3      | Reached XP level 5. HP: 23/36 MP: 3/10
  1758 | D:3      | Learned a level 2 spell: Repel Missiles
  1762 | D:3      | Learned a level 2 spell: Blink
  1937 | D:4      | Found a radiant altar of Vehumet.
  1937 | D:4      | Noticed an ogre
  2034 | D:4      | Killed an ogre
  2034 | D:4      | Reached skill level 2 in Dodging
  2034 | D:4      | Reached XP level 6. HP: 23/41 MP: 3/11
  2101 | D:4      | Noticed tidbits's ghost (amateur HEWn)
  2158 | D:3      | Found an iron altar of Okawaru.
  2165 | D:3      | Became a worshipper of Warmaster Okawaru
  2274 | D:4      | Killed tidbits's ghost
  2274 | D:4      | Reached skill level 3 in Dodging
  2330 | D:5      | Entered Level 5 of the Dungeon
  2496 | D:4      | Reached skill level 4 in Dodging
  2665 | D:5      | Reached skill level 3 in Fighting
  2905 | D:6      | Noticed an orc warrior
  2932 | D:5      | Learned a level 2 spell: Passwall
  2958 | D:5      | Noticed Dowan
  3046 | D:5      | Reached XP level 7. HP: 30/46 MP: 8/12
  3054 | D:5      | Reached skill level 4 in Fighting
  3131 | D:5      | Noticed Duvessa
  3189 | D:5      | Killed Duvessa
  3219 | D:5      | Killed Dowan
  3219 | D:5      | Reached * piety under Okawaru
  3443 | D:7      | Reached skill level 1 in Invocations
  3471 | D:7      | Reached skill level 2 in Invocations
  3497 | D:7      | Reached skill level 3 in Invocations
  3529 | D:7      | Reached skill level 1 in Bows
  3611 | D:7      | Found a staircase to the Ecumenical Temple.
  3625 | D:7      | Reached skill level 2 in Bows
  3689 | D:7      | Reached skill level 3 in Bows
  3690 | D:7      | Noticed a hippogriff
  3699 | D:7      | Killed a hippogriff
  3699 | D:7      | Reached skill level 5 in Bows
  3699 | D:7      | Reached XP level 8. HP: 54/54 MP: 13/13
  3817 | D:7      | Reached skill level 6 in Bows
  3841 | D:7      | Reached ** piety under Okawaru
  3941 | D:6      | Reached skill level 7 in Bows
  4024 | D:8      | Found a glowing silver altar of Zin.
  4024 | D:8      | Noticed an angel
  4079 | D:7      | Reached skill level 1 in Long Blades
  4087 | D:7      | Reached skill level 2 in Long Blades
  4492 | D:8      | Found a shadowy altar of Dithmenos.
  4502 | D:8      | Reached skill level 3 in Long Blades
  4507 | D:8      | Reached skill level 4 in Long Blades
  4582 | D:8      | Reached skill level 5 in Long Blades
  4692 | D:8      | Reached skill level 6 in Long Blades
  4692 | D:8      | Reached XP level 9. HP: 39/59 MP: 10/14
  4821 | D:9      | Reached skill level 7 in Long Blades
  4892 | D:10     | Entered Level 10 of the Dungeon
  4986 | D:8      | Found Atiwkuot's Antique Weapon Emporium.
  5000 | D:8      | Bought a glowing great sword for 262 gold pieces
  5105 | D:9      | Reached skill level 8 in Long Blades
  5140 | D:10     | Found a burning altar of Makhleb.
  5293 | D:10     | Reached skill level 9 in Long Blades
  5315 | D:10     | Found a flagged portal.
  5359 | Bailey   | Entered a bailey
  5538 | Bailey   | Got a fine chain mail
  5549 | Bailey   | Identified the cursed +0 chain mail of the Armadillo {-Tele rC+ Dex+3} (You took it off a kobold in a bailey)
  5552 | Bailey   | Noticed an orc knight
  5556 | Bailey   | Quit the game

Skill      XL: |  1  2  3  4  5  6  7  8  9 |
---------------+----------------------------+-----
Summonings     | 1 2 3 |  3.7
Fighting       | 2 3 4 |  4.7
Spellcasting   | 3 |  3.1
Dodging        | 2 4 |  4.0
Invocations    | 3 |  3.0
Bows           | 5 7 |  7.7
Long Blades    | 6 9 |  9.1
Short Blades   | |  2.4
Shields        | |  1.0
Charms         | |  1.2
Necromancy     | |  2.4
Evocations     | |  1.0

Action                   |  1- 3 |  4- 6 |  7- 9 || total
-------------------------+-------+-------+-------++-------
Melee: Short sword       |    77 |   150 |    54 ||   281
       Dagger            |     6 |       |       ||     6
       Punch             |       |       |     2 ||     2
       Scimitar          |       |       |   130 ||   130
       Great sword       |       |       |    68 ||    68
 Fire: Hunting sling     |    23 |       |       ||    23
       Shortbow          |       |       |   110 ||   110
 Cast: Summon Small Mamm |    15 |    28 |     9 ||    52
       Call Canine Famil |     5 |    24 |    25 ||    54
       Repel Missiles    |       |     2 |       ||     2
       Blink             |       |       |     3 ||     3
Invok: Heroism           |       |       |    22 ||    22
Evoke: Wand              |    11 |    11 |     1 ||    23
  Use: Scroll            |     7 |     3 |     5 ||    15
       Potion            |     6 |     4 |     4 ||    14
 Stab: Sleeping          |     4 |     7 |     8 ||    19
       Distracted        |       |     3 |     1 ||     4
  Eat: Chunk             |     2 |    10 |    10 ||    22
       Fruit             |       |       |     3 ||     3
       Beef jerky        |       |       |     1 ||     1
Armor: Robe              |    30 |    31 |    91 ||   152
       Skin              |       |     4 |       ||     4
       Ring mail         |       |       |     5 ||     5
Dodge: Dodged            |    60 |    96 |   286 ||   442
       Deflected         |       |     2 |     2 ||     4
       Rpst.: Scimitar   |       |       |    37 ||    37
       Great sword       |       |       |    21 ||    21

Table legend:
 A = Turns spent in this place as a percentage of turns spent in the entire game.
 B = Non-inter-level travel turns spent in this place as a percentage of non-inter-level travel turns spent in the entire game.
 C = Inter-level travel turns spent in this place as a percentage of turns spent in this place.
 D = Turns resting spent in this place as a percentage of non-inter-level travel turns spent in this place.
 E = Turns spent auto-exploring this place as a percentage of non-inter-level travel turns spent in this place.
 F = Non-inter-level travel turns spent in this place divided by the number of levels of this place that you've seen.
                   A       B       C       D       E      F
               +-------+-------+-------+-------+-------+----------------------
         Total | 100.0 | 100.0 |   0.1 |   0.1 |   0.0 | 482.5
       Dungeon |  96.7 |  96.6 |   0.1 |   0.1 |   0.0 | 512.9
        Bailey |   3.3 |   3.4 |   0.0 |   0.0 |   0.0 | 178.0
               +-------+-------+-------+-------+-------+----------------------

Table legend:
 A = Kills in this place as a percentage of kills in entire the game.
 B = Kills by you in this place as a percentage of kills by you in the entire game.
 C = Kills by friends in this place as a percentage of kills by friends in the entire game.
 D = Other kills in this place as a percentage of other kills in the entire game.
 E = Experience gained in this place as a percentage of experience gained in the entire game.
 F = Experience gained in this place divided by the number of levels of this place that you have seen.
                   A       B       C       D       E      F
               +-------+-------+-------+-------+-------+----------------------
         Total | 100.0 | 100.0 | 100.0 |  -nan | 100.0 | 359.2
       Dungeon |  95.1 |  93.2 | 100.0 |  -nan |  99.6 | 393.6
        Bailey |   4.9 |   6.8 |   0.0 |  -nan |   0.4 |  15.0
               +-------+-------+-------+-------+-------+----------------------

Vault maps used:
D:1:      elethiomel_arrival_shortcut, minmay_tetromino_o4
D:2:      minmay_diamond_boxcup
D:3:      lemuel_coloured_pillars_altar, okawaru_gym_becter, uniq_grinder,
          uniq_iyjb
D:4:      serial_bayou, serial_bayou_lagoon_a, serial_bayou_lake_a,
          serial_bayou_pond_c, serial_bayou_ford_a, serial_bayou_shore_b,
          hangedman_abyss_or_decor_lesser_grid, vehumet_altar_wand_db
D:5:      first_bread, uniq_duvessa
D:6:      grunt_ministairs_9
D:7:      minmay_temple_entry_hall, minivault_27, grunt_ogre_cave
D:8:      zin_angel, lemuel_blue_sif_altar,
          nicolae_dithmenos_through_a_glass_darkly, overflow_temple_1_default,
          grunt_lair_entry_orc_guard_hut, serial_shops,
          nicolae_shop_competitors_out_of_business
D:9:      lemuel_zombie_altar_yredelemnul, lemuel_crystal_altar, orc_david_3,
          serial_shops, nicolae_shop_trees
D:10:     enter_trove_2, enter_bailey_3, bloody_makhleb
Bailey:   bailey_axe_3, bailey
